 Dungeon Crawl Stone Soup version bcrawl-1.13.4 (webtiles) character file.

Game seed: 6514571861765756045

265 Felnil the Skirmisher (level 5, 0/37 HPs)
             Began as a Skeleton Reaver on Aug 14, 2019.
             Was a Believer of Vehumet.
             Slain by Pikel
             ... wielding a +0 whip of freezing
              (4 damage)
             ... on level 3 of the Dungeon.
             The game lasted 00:08:54 (3630 turns).

Felnil the Skirmisher (Skeleton Reaver)             Turns: 3630, Time: 00:08:55

Health: 0/37       AC:  5    Str: 19      XL:     5   Next: 99%
Magic:  0/9        EV: 12    Int: 11 (12) God:    Vehumet [**....]
Gold:   247        SH:  0    Dex:  7      Spells: 9/10 levels left

rFire    . . .     SeeInvis .   k - +2 trident (flame)
rCold    + . .     Gourm    .   (no shield)
rNeg     + + +     Faith    .   b - +0 steam dragon scales
rPois    ∞         Spirit   +   (no helmet)
rElec    .         Reflect  .   (no cloak)
rCorr    .         Harm     .   (no gloves)
MR       .....                  (no boots)
Stlth    +.........             (no amulet)
HPRegen  0.12/turn              (no ring)
MPRegen  0.11/turn              (no ring)

@: very slightly contaminated
A: no food or potions, cold resistance 1, deterioration 1, negative energy
resistance 3, torment resistance, unbreathing, magic shield, sturdy frame 1,
spell healing
a: Renounce Religion


You were on level 3 of the Dungeon.
You worshipped Vehumet.
Vehumet was pleased with you.
You were not hungry.

You visited 1 branch of the dungeon, and saw 4 of its levels.

You collected 247 gold pieces.

Inventory:

Hand Weapons
 a - a +0 war axe
 i - a +2 short sword of venom
 k - a +2 trident of flaming (weapon)
Missiles
 l - 60 tomahawks (quivered)
Armour
 b - +0 steam dragon scales (worn)
Scrolls
 c - 2 scrolls of immolation
 d - 4 scrolls of identify
 e - 3 scrolls of remove curse
 f - a scroll of blinking {unknown}
 g - 2 scrolls of fear {unknown}
 h - a scroll of enchant armour {unknown}
 j - 2 scrolls of teleportation {unknown}


   Skills:
 + Level 6.7 Fighting
 - Level 3.6 Axes
 - Level 3.0 Dodging
 - Level 3.0 Spellcasting


You had 9 spell levels left.
You knew the following spells:

 Your Spells              Type           Power        Failure   Level  Hunger
a - Freeze                Ice            #.....       26%         1    N/A

Your spell library contained the following spells:

 Spells                   Type           Power        Failure   Level  Hunger
 Searing Ray              Conj           #.....       36%         2    N/A
 Iskenderun's Battlesphe  Conj/Chrm      #.......     100%        5    N/A

Dungeon Overview and Level Annotations

Branches:
Dungeon (4/12)
 Temple: D:4-7

Altars:
Makhleb
Sif Muna

Annotations:
D:3 Pikel


Innate Abilities, Weirdness & Mutations

You do not eat or drink.
You are immune to poison.
Your flesh is cold resistant. (rC+)
Your body sometimes deteriorates upon taking damage.
You are immune to negative energy. (rN+++)
You are immune to unholy pain and torment.
You can survive without breathing.
When hurt, damage is shared between your health and your magic reserves.
Your movements are slightly less encumbered by armour. (ER -2)
Casting spells heals you.


Message History

Pikel is lightly wounded.
Pikel hits you with a +0 whip of freezing.
Okay, then.
There is a stone staircase leading up here.
Casting: Freeze (safe; 26% risk of failure)
Confirm with . or Enter, or press ? or * to list all spells.
Aiming: Freeze (safe; 26% risk of failure)
Press: ? - help, Shift-Dir - straight line, f - Pikel
Aim: Pikel, wielding a +0 whip of freezing, wearing a +1 robe and carrying a wand of flame (7) (lightly wounded)
You miscast Freeze.
You are very lightly contaminated with residual magic.
You shiver with cold.
Pikel zaps a wand.
The puff of flame hits you!
* * * LOW HITPOINT WARNING * * *
Pikel barely misses you.
You climb upwards.
There is a stone staircase leading down here.
You hit Pikel. You burn Pikel.
Pikel is lightly wounded.
Pikel hits you with a +0 whip of freezing.
You die...

############### #####..
#.........%...# #.....#
#.............# #.....#
#.............# #...... ##
#.............# #....#.
.#########.............# #....#.
....†..................# ########
.#########.......K.....###.......
.# ###.###@.......##.#####. .#
#.# #.#!.###.##.#####. .#
###.###.)..............) .#
#....##.#...##.##.####.. .#
#....##.#.#.##.##.####≈§ .#
#...................##≈# .#
#....##.#.##.########### .#
#....##.#.##..# #⌠ .#
#######....##.#.##..## ##


You could see Pikel.

Vanquished Creatures
  A slave (D:4)
  2 orc wizards (D:2)
  A worker ant (D:3)
  6 adders (D:3)
  An ooze (D:1)
  5 worms
  2 dart slugs (D:3)
  4 leopard geckos
  8 orcs
  3 bats
  4 giant cockroaches
  6 goblins
  6 hobgoblins
  11 jackals
  19 kobolds
  4 quokkas
  A ball python (D:3)
  4 frilled lizards
  A quokka skeleton (D:3)
  8 rats
97 creatures vanquished.

Notes
Turn   | Place    | Note
-------+----------+-------------------------------------------
     0 | D:1      | Felnil the Skeleton Reaver began the quest for the Orb.
     0 | D:1      | Reached XP level 1. HP: 14/14 MP: 4/4
   273 | D:1      | Reached XP level 2. HP: 17/19 MP: 6/6
   738 | D:1      | Reached skill level 4 in Fighting
  1006 | D:1      | Reached * piety under Vehumet
  1006 | D:1      | Offered knowledge of Freeze by Vehumet.
  1007 | D:1      | Reached XP level 3. HP: 22/24 MP: 5/7
  1113 | D:1      | Learned a level 1 spell: Freeze
  1775 | D:2      | Reached XP level 4. HP: 29/30 MP: 6/8
  1822 | D:2      | Reached skill level 5 in Fighting
  2062 | D:2      | Reached XP level 5. HP: 36/36 MP: 9/9
  2499 | D:3      | Reached skill level 6 in Fighting
  2661 | D:3      | Offered knowledge of Searing Ray by Vehumet.
  2692 | D:3      | Reached ** piety under Vehumet
  2814 | D:3      | Found a deep blue altar of Sif Muna.
  3190 | D:3      | Found a burning altar of Makhleb.
  3612 | D:4      | Noticed a slave
  3616 | D:4      | Noticed Pikel
  3621 | D:4      | Killed a slave
  3630 | D:3      | Slain by Pikel

Skill      XL: |  1  2  3  4  5 |
---------------+----------------+-----
Fighting       | 4 5 6 |  6.7
Axes           | |  3.6
Dodging        | |  3.0
Spellcasting   | |  3.0

Action                   |  1- 3 |  4- 6 || total
-------------------------+-------+-------++-------
Melee: War axe           |   138 |       ||   138
       Short sword       |     9 |       ||     9
       Trident           |     8 |   156 ||   164
 Cast: Freeze            |     1 |       ||     1
  Use: Scroll            |       |     2 ||     2
 Stab: Sleeping          |       |     1 ||     1
Armor: Steam dragon scal |    68 |    43 ||   111
Dodge: Dodged            |   135 |   103 ||   238
